 Dungeon Crawl Stone Soup version 0.25.0-65-g31bcc41 (webtiles) character file.

973 Dorkslayer the Skirmisher (level 8, -3/51 HPs)
             Began as a Gargoyle Fighter on Nov 14, 2020.
             Slain by an ogre
             ... wielding a +0 giant club
              (17 damage)
             ... on level 1 of the Dungeon.
             The game lasted 00:02:51 (228 turns).

Dorkslayer the Skirmisher (Gargoyle Fighter)         Turns: 228, Time: 00:02:51

Health: -3/51      AC: 13    Str: 22    XL:     8   Next: 16%
Magic:  8/8        EV:  8    Int:  9    God:
Gold:   23         SH: 10    Dex:  9    Spells: 7/7 levels left

rFire    . . .     SeeInvis .   i - +2 hand axe (chop)
rCold    . . .     Gourm    .   c - +0 shield
rNeg     + . .     Faith    +   b - +0 scale mail
rPois    ∞         Spirit   .   (no helmet)
rElec    +         Reflect  .   (no cloak)
rCorr    .         Harm     .   (no gloves)
MR       .....                  (no boots)
Stlth    ..........             e - amulet of faith
HPRegen  0.17/turn              (no ring)
MPRegen  0.11/turn              (no ring)

@: hasted, very quick
A: negative energy resistance 1, electricity resistance, unbreathing,
petrification resistance, rot immunity, AC +5
a: no special abilities


You were on level 1 of the Dungeon.
You were not hungry.

You visited 1 branch of the dungeon, and saw 1 of its levels.

You collected 23 gold pieces.

Inventory:

Hand Weapons
 a - a +0 long sword
 i - a +2 hand axe of chopping (weapon)
Armour
 b - a +0 scale mail (worn)
 c - a +0 shield (worn)
Jewellery
 e - an amulet of faith (around neck)
Scrolls
 g - a scroll of amnesia
 j - a scroll of teleportation
Potions
 d - a potion of magic
Comestibles
 f - 6 rations


   Skills:
 + Level 6.0 Fighting
 + Level 4.0 Long Blades
 + Level 0.7 Axes
 + Level 6.0 Armour
 + Level 0.9 Dodging
 + Level 5.9 Shields


You had 7 spell levels left.
You didn't know any spells.
Your spell library was empty.

Dungeon Overview and Level Annotations

Branches:
Dungeon (1/3)
 Temple: D:1

Altars:


Innate Abilities, Weirdness & Mutations

You are resistant to torment.
Your stone body is resilient. (AC +5)
You are immune to poison.
You resist negative energy. (rN+)
You are resistant to electric shocks. (rElec)
You can survive without breathing.
You are immune to petrification.
You are immune to rotting.


Message History

The ogre is lightly wounded.
The ogre closely misses you.
You feel yourself speed up. The ogre closely misses you.
Okay, then.
As you read the scroll labeled WID UDAZ EJEI, it crumbles to dust.
It is a scroll of identify.
You don't have any unidentified items.
Your shield prevents you from hitting the ogre.
The ogre is lightly wounded.
The ogre hits you with a +0 giant club!
* * * LOW HITPOINT WARNING * * *
You hit the ogre.
The ogre is heavily wounded.
You block the ogre's attack.
Your shield prevents you from hitting the ogre.
The ogre is heavily wounded.
You hit the ogre.
The ogre is severely wounded.
The ogre hits you with a +0 giant club!
You die...

..............#.#
..[....).....>..# #
...........>....###.#
....................#
.................####
..................# #
................#.... .###
#...............#######...##
##..............@OrY.......#
.##.....#.###...####.......#
.#####.....≈...###..Y.....##
(.# ####..≈............#.#
#.# ##...≈......(##...# #
... ......#≈#..##Y.######
#....###..#≈#...#...# ...
#..#≈#.....### #.
#..###.......#


You could see an ice beast, an ogre and a quokka.

Vanquished Creatures
  A phantom (D:1)
  A scorpion (D:1)
  A howler monkey (D:1)
  2 shadow imps (D:1)
  An adder skeleton (D:1)
  2 jackals (D:1)
8 creatures vanquished.

Notes
Turn   | Place    | Note
-------+----------+-------------------------------------------
     0 | D:1      | Dorkslayer the Gargoyle Fighter began the quest for the
                  | Orb.
     0 | D:1      | Reached XP level 1. HP: 14/14 MP: 1/1
    22 | D:1      | Noticed a scorpion
    22 | D:1      | Noticed a howler monkey
    34 | D:1      | Killed a howler monkey
    34 | D:1      | Reached XP level 2. HP: 4/20 MP: 2/2
    34 | D:1      | Reached XP level 3. HP: 5/24 MP: 3/3
    34 | D:1      | Reached XP level 4. HP: 7/30 MP: 4/4
    34 | D:1      | Reached XP level 5. HP: 8/34 MP: 5/5
    35 | D:1      | Reached skill level 5 in Fighting
    35 | D:1      | Reached skill level 5 in Armour
    35 | D:1      | Reached skill level 5 in Shields
    35 | D:1      | Reached XP level 6. HP: 10/40 MP: 6/6
    40 | D:1      | Noticed a phantom
    63 | D:1      | Reached XP level 7. HP: 10/44 MP: 7/7
   157 | D:1      | Reached XP level 8. HP: 14/51 MP: 8/8
   228 | D:1      | Slain by an ogre

Skill      XL: |  1  2  3  4  5  6  7 |
---------------+----------------------+-----
Fighting       | 4 5 6 |  6.0
Long Blades    | 2 4 |  4.0
Armour         | 4 5 6 |  6.0
Shields        | 4 5 |  5.9
Axes           | |  0.7
Dodging        | |  0.9

Action                   |  1- 3 |  4- 6 |  7- 9 || total
-------------------------+-------+-------+-------++-------
Melee: Long sword        |     6 |     5 |    30 ||    41
       Hand axe          |       |       |    17 ||    17
  Use: Potion            |     1 |       |     4 ||     5
       Scroll            |       |       |     5 ||     5
Armor: Scale mail        |       |     3 |    25 ||    28
Dodge: Dodged            |     1 |     2 |    16 ||    19
Block: Shield            |     2 |     3 |    25 ||    30
       Rpst.: Long sword |     1 |     2 |     4 ||     7
